 Dungeon Crawl Stone Soup version 0.31.0-11-ge490571c62 (webtiles) character file.

Game seed: 11961617922037080529

703 qw the Ducker (level 7, -1/35 HPs)
             Began as a Spriggan Hunter on Feb 3, 2024.
             Slain by a gnoll
             ... wielding a +1 flail of protection
              (5 damage)
             ... on level 4 of the Dungeon.
             The game lasted 00:00:18 (3064 turns).

qw the Ducker (Spriggan Hunter)                     Turns: 3064, Time: 00:00:18

Health: -1/35      AC:  2    Str:  7    XL:     7   Next: 39%
Magic:  0/8        EV: 23    Int: 11    God:
Gold:   196        SH:  0    Dex: 20    Spells: 6/6 levels left

rFire   . . .        a - +0 shortbow
rCold   . . .        (shield currently unavailable)
rNeg    . . .        c - +0 robe
rPois   .            (helmet restricted)
rElec   .            (no cloak)
rCorr   .            (gloves unavailable)
SInv    +            (boots unavailable)
Will    +....        g - amulet of guardian spirit
Stlth   ++           (no ring)
HPRegen 0.25/turn    (no ring)
MPRegen 0.11/turn

%: guardian spirit
@: about to teleport, very quick
A: very small, no large weapons, unfitting armour, see invisible, speed 3
a: no special abilities


You were on level 4 of the Dungeon.
You visited 1 branch of the dungeon, and saw 4 of its levels.

You collected 196 gold pieces.


Innate Abilities, Weirdness & Mutations

You are very small and have problems with some larger weapons.
You are too small for most types of armour.
You have supernaturally acute eyesight. (SInv)
You cover ground extremely quickly. (Speed+++)


   Skills:
 - Level 2.0 Fighting
 + Level 7.1 Ranged Weapons
 - Level 7.6 Dodging
 - Level 1.5 Stealth


You had 6 spell levels left.
You didn't know any spells.
Your spell library was empty.

Inventory:

Hand Weapons
 a - a +0 shortbow (weapon)
Armour
 c - a +0 robe (worn)
Jewellery
 g - an amulet of guardian spirit (around neck)
 j - an amulet of the acrobat
Wands
 d - a wand of light (2)
Scrolls
 e - a scroll of teleportation
 k - a scroll of identify
Potions
 b - 2 potions of degeneration {unknown}
 f - a potion of mutation {unknown}
 h - 3 potions of curing
 i - a potion of heal wounds {unknown}

Dungeon Overview and Level Annotations

Branches:
Dungeon (4/15)
 Temple: D:4-7

Altars:
Fedhas

Annotations:
D:4 1 runed translucent door, Crazy Yiuf


Message History

The gnoll is lightly wounded.
You hear a shout! x3
You shoot an arrow. The arrow closely misses the gnoll.
You shoot an arrow.
The arrow hits the orc but does no damage.
You shoot an arrow. The arrow barely misses the orc.
A gnoll comes into view.
It is wielding a +1 flail of protection.
An orc wizard comes into view. It is wielding a +0 dagger.
An orc comes into view. It is wielding a +0 mace.
You shoot an arrow. The arrow hits the orc.
The orc is lightly wounded.
The orc completely misses you. The orc hits you with a +0 war axe!
You shoot an arrow. The arrow barely misses the orc.
The arrow hits the gnoll but does no damage.
The orc wizard gestures wildly while chanting.
The orc wizard flickers and vanishes for a moment.
The orc misses you.
You shoot an arrow.
The arrow hits the gnoll but does no damage.
The gnoll closely misses you. x2; The orc completely misses you.
You shoot an arrow. The arrow closely misses the gnoll.
The gnoll completely misses you. x2; The orc completely misses you.
You shoot an arrow. The arrow hits the gnoll.
The gnoll is moderately wounded.
The gnoll closely misses you. x2
The orc wizard gestures at you while chanting.
The puff of flame hits you! The orc misses you. The gnoll misses you.
The gnoll completely misses you.
You shoot an arrow. The arrow closely misses the gnoll.
The orc wizard casts a spell at you. The magic dart hits you.
The orc hits you with a +0 war axe.
The gnoll hits you with a +1 flail of protection.
The gnoll hits you from afar with a +0 halberd!
3064 ||| READING 2 scrolls of teleportation.
As you read the scroll of teleportation, it crumbles to dust.
You feel strangely unstable.
An orc comes into view. It is wielding a +0 trident.
The orc misses you. The gnoll completely misses you.
The gnoll hits you with a +1 flail of protection.
You die...

....#
#....##....##..#
....#
##...##....#)..#
#####
##...##....#...#####
#.....#....'........
#.....#....#....%...
#)...############...
#.##### %.##..##...
#.....# ...........
#..@.o# ...........
#.go..'.............
###g###....##....##.
### .o. ... #...(##.
... ...% ...........
~~~ ..~~~~
~~~~~~~~~~ ~~~
..~~~~ ~~~~~~~~~~
~~~ ...o~~~
~~~~~##### ... go #


You could see an orc wizard (invisible), 2 gnolls and 3 orcs.

Vanquished Creatures
  Sigmund (D:3)
  2 black bears (D:4)
  2 howler monkeys (D:4)
  A hound (D:4)
  An orc priest (D:3)
  4 gnolls (D:4)
  7 adders
  A ribbon worm (D:2)
  4 dart slugs
  6 orcs
  11 ball pythons
  8 endoplasms
  4 giant cockroaches
  7 goblins
  8 hobgoblins
  13 jackals
  6 kobolds
  3 quokkas
  13 bats
  3 frilled lizards
  6 rats
111 creatures vanquished.

Notes
Turn   | Place    | Note
-------+----------+-------------------------------------------
     0 | D:1      | qw the Spriggan Hunter began the quest for the Orb.
     0 | D:1      | Reached XP level 1. HP: 10/10 MP: 2/2
     0 | D:1      | 0 ||| qw: Version: 0.3-a-158-g18b3111
     0 | D:1      | 0 ||| qw: Game counter: 4128
     0 | D:1      | 0 ||| qw: Melee chars always use a shield: true
     0 | D:1      | 0 ||| qw: God list: Okawaru
     0 | D:1      | 0 ||| qw: Allow faded altars: false
     0 | D:1      | 0 ||| qw: Do Orc after clearing Dungeon:15 true
     0 | D:1      | 0 ||| qw: Do second Lair branch before Depths: true
     0 | D:1      | 0 ||| qw: Lair rune preference: random
     0 | D:1      | 0 ||| qw: Goals: Normal
     0 | D:1      | 0 ||| PLANNING D:1-11
    81 | D:1      | Reached skill level 3 in Dodging
   130 | D:1      | Reached XP level 2. HP: 14/14 MP: 3/3
   187 | D:1      | You fall into a shaft and drop 1 floor!
   281 | D:2      | 281 ||| RETREEEEATING.
   282 | D:2      | 282 ||| RETREEEEATING.
   288 | D:2      | Reached XP level 3. HP: 18/18 MP: 4/4
   292 | D:2      | HP: 4/18 [giant cockroach (1)]
   504 | D:2      | 504 ||| READING scroll labelled NIT ULIUNNI.
   509 | D:2      | 509 ||| READING scroll labelled SOETAY CIAPLE.
   510 | D:2      | 510 ||| READING scroll labelled TIUWKE LEOBES.
   511 | D:2      | 511 ||| DRINKING 2 bubbling clear potions.
   539 | D:2      | 539 ||| DROPPING scroll of butterflies.
   540 | D:2      | 540 ||| DROPPING potion of lignification.
   541 | D:2      | 541 ||| Stepping randomly (stuck).
   542 | D:2      | 542 ||| Stepping randomly (stuck).
   543 | D:2      | 543 ||| Stepping randomly (stuck).
   544 | D:2      | 544 ||| Stepping randomly (stuck).
   545 | D:2      | 545 ||| Stepping randomly (stuck).
   546 | D:2      | 546 ||| Stepping randomly (stuck).
   547 | D:2      | 547 ||| Stepping randomly (stuck).
   548 | D:2      | 548 ||| Stepping randomly (stuck).
   549 | D:2      | 549 ||| Stepping randomly (stuck).
   550 | D:2      | 550 ||| Stepping randomly (stuck).
   551 | D:2      | 551 ||| Stepping randomly (stuck).
   552 | D:2      | 552 ||| Stepping randomly (stuck).
   553 | D:2      | 553 ||| Stepping randomly (stuck).
   554 | D:2      | 554 ||| Stepping randomly (stuck).
   555 | D:2      | 555 ||| Stepping randomly (stuck).
   556 | D:2      | 556 ||| Stepping randomly (stuck).
   557 | D:2      | 557 ||| Stepping randomly (stuck).
   558 | D:2      | 558 ||| Stepping randomly (stuck).
   559 | D:2      | 559 ||| Stepping randomly (stuck).
   560 | D:2      | 560 ||| Stepping randomly (stuck).
   561 | D:2      | 561 ||| Stepping randomly (stuck).
   562 | D:2      | 562 ||| Stepping randomly (stuck).
   563 | D:2      | 563 ||| Stepping randomly (stuck).
   564 | D:2      | 564 ||| Stepping randomly (stuck).
   565 | D:2      | 565 ||| Stepping randomly (stuck).
   566 | D:2      | 566 ||| Stepping randomly (stuck).
   567 | D:2      | 567 ||| Stepping randomly (stuck).
   568 | D:2      | 568 ||| Stepping randomly (stuck).
   569 | D:2      | 569 ||| Stepping randomly (stuck).
   570 | D:2      | 570 ||| Stepping randomly (stuck).
   571 | D:2      | 571 ||| Stepping randomly (stuck).
   572 | D:2      | 572 ||| Stepping randomly (stuck).
   573 | D:2      | 573 ||| Stepping randomly (stuck).
   574 | D:2      | 574 ||| Stepping randomly (stuck).
   575 | D:2      | 575 ||| Stepping randomly (stuck).
   576 | D:2      | 576 ||| Stepping randomly (stuck).
   577 | D:2      | 577 ||| Stepping randomly (stuck).
   578 | D:2      | 578 ||| Stepping randomly (stuck).
   579 | D:2      | 579 ||| Stepping randomly (stuck).
   580 | D:2      | 580 ||| Stepping randomly (stuck).
   581 | D:2      | 581 ||| Stepping randomly (stuck).
   582 | D:2      | 582 ||| Stepping randomly (stuck).
   583 | D:2      | 583 ||| Stepping randomly (stuck).
   584 | D:2      | 584 ||| Stepping randomly (stuck).
   585 | D:2      | 585 ||| Stepping randomly (stuck).
   586 | D:2      | 586 ||| Stepping randomly (stuck).
   587 | D:2      | 587 ||| Stepping randomly (stuck).
   588 | D:2      | 588 ||| Stepping randomly (stuck).
   589 | D:2      | 589 ||| Stepping randomly (stuck).
   590 | D:2      | 590 ||| Stepping randomly (stuck).
   591 | D:2      | 591 ||| Stepping randomly (stuck).
   592 | D:2      | 592 ||| Stepping randomly (stuck).
   593 | D:2      | 593 ||| Stepping randomly (stuck).
   594 | D:2      | 594 ||| Stepping randomly (stuck).
   595 | D:2      | 595 ||| Stepping randomly (stuck).
   596 | D:2      | 596 ||| Stepping randomly (stuck).
   597 | D:2      | 597 ||| Stepping randomly (stuck).
   598 | D:2      | 598 ||| Stepping randomly (stuck).
   599 | D:2      | 599 ||| Stepping randomly (stuck).
   600 | D:2      | 600 ||| Stepping randomly (stuck).
   601 | D:2      | 601 ||| Stepping randomly (stuck).
   602 | D:2      | 602 ||| Stepping randomly (stuck).
   603 | D:2      | 603 ||| Stepping randomly (stuck).
   604 | D:2      | 604 ||| Stepping randomly (stuck).
   605 | D:2      | 605 ||| Stepping randomly (stuck).
   606 | D:2      | 606 ||| Stepping randomly (stuck).
   607 | D:2      | 607 ||| Stepping randomly (stuck).
   608 | D:2      | 608 ||| Stepping randomly (stuck).
   609 | D:2      | 609 ||| Stepping randomly (stuck).
   610 | D:2      | 610 ||| Stepping randomly (stuck).
   611 | D:2      | 611 ||| Stepping randomly (stuck).
   612 | D:2      | 612 ||| Stepping randomly (stuck).
   613 | D:2      | 613 ||| Stepping randomly (stuck).
   614 | D:2      | 614 ||| Stepping randomly (stuck).
   615 | D:2      | 615 ||| Stepping randomly (stuck).
   616 | D:2      | 616 ||| Stepping randomly (stuck).
   617 | D:2      | 617 ||| Stepping randomly (stuck).
   618 | D:2      | 618 ||| Stepping randomly (stuck).
   619 | D:2      | 619 ||| Stepping randomly (stuck).
   620 | D:2      | 620 ||| Stepping randomly (stuck).
   621 | D:2      | 621 ||| Stepping randomly (stuck).
   622 | D:2      | 622 ||| Stepping randomly (stuck).
   623 | D:2      | 623 ||| Stepping randomly (stuck).
   624 | D:2      | 624 ||| Stepping randomly (stuck).
   625 | D:2      | 625 ||| Stepping randomly (stuck).
   626 | D:2      | 626 ||| Stepping randomly (stuck).
   627 | D:2      | 627 ||| Stepping randomly (stuck).
   628 | D:2      | 628 ||| Stepping randomly (stuck).
   629 | D:2      | 629 ||| Stepping randomly (stuck).
   630 | D:2      | 630 ||| Stepping randomly (stuck).
   631 | D:2      | 631 ||| Stepping randomly (stuck).
   632 | D:2      | 632 ||| Stepping randomly (stuck).
   633 | D:2      | 633 ||| Stepping randomly (stuck).
   634 | D:2      | 634 ||| Stepping randomly (stuck).
   733 | D:1      | Reached XP level 4. HP: 22/22 MP: 5/5
  1115 | D:1      | 1115 ||| READING scroll labelled FIGISU MIMPUAC.
  1821 | D:2      | 1821 ||| READING scroll labelled VILUYKHL INIUT.
  1822 | D:2      | 1822 ||| READING 2 scrolls labelled TAISMI GYDDOIJ.
  1822 | D:2      | 1822 ||| IDENTIFYING green potion
  1823 | D:2      | 1823 ||| READING scroll of identify.
  1823 | D:2      | 1823 ||| IDENTIFYING puce potion
  1824 | D:2      | 1824 ||| DROPPING potion of attraction.
  2115 | D:3      | Found a blossoming altar of Fedhas.
  2136 | D:3      | Noticed Sigmund
  2137 | D:3      | 2137 ||| RETREEEEATING.
  2144 | D:3      | Reached XP level 5. HP: 24/26 MP: 6/6
  2168 | D:3      | 2168 ||| DRINKING potion of haste.
  2181 | D:3      | Killed Sigmund
  2182 | D:3      | Reached skill level 6 in Ranged Weapons
  2182 | D:3      | Reached XP level 6. HP: 17/30 MP: 7/7
  2459 | D:3      | 2459 ||| UPGRADING to amulet of guardian spirit.
  2464 | D:3      | 2464 ||| DRINKING 2 golden potions.
  2520 | D:4      | Found a runed translucent door.
  2521 | D:4      | Noticed Crazy Yiuf
  2646 | D:4      | 2646 ||| ZAPPING wand of light (4) at 1,-1 (black bear;
                  | floor).
  2647 | D:4      | Reached skill level 6 in Dodging
  2793 | D:4      | Reached XP level 7. HP: 35/35 MP: 8/8
  2945 | D:4      | 2945 ||| ZAPPING wand of light (3) at 0,-1 (black bear;
                  | floor).
  3063 | D:4      | HP: 3/35 [gnoll/+0 halberd (13)]
  3064 | D:4      | 3064 ||| READING 2 scrolls of teleportation.
  3064 | D:4      | Slain by a gnoll

Levels and vault maps discovered:
D:1:      dpeg_arrival_rhombi, layout_basic
D:2:      minmay_recursive_quarters, layout_basic, minmay_snake_closets
D:3:      layout_loops_ring, mainiacjoe_overflow_catwalk, chequers_mini_garden,
          uniq_sigmund
D:4:      lemuel_castle_with_subvaults [lemuel_castle_interior_original],
          layout_gridville, uniq_crazy_yiuf_cottage

Skill      XL: |  1  2  3  4  5  6  7 |
---------------+----------------------+-----
Dodging        | 3 4 5 6 7 |  7.6
Ranged Weapons | 5 6 7 |  7.1
Fighting       | 2 |  2.0
Stealth        | |  1.5

Action                     |  1- 3 |  4- 6 |  7- 9 || total
---------------------------+-------+-------+-------++-------
   Fire: Shortbow          |   104 |   164 |    70 ||   338
  Evoke: Wand              |       |     1 |     1 ||     2
    Use: Scroll            |     3 |     4 |     1 ||     8
         Potion            |     1 |     2 |       ||     3
 Armour: Robe              |    21 |    19 |    13 ||    53
  Dodge: Dodged            |    57 |    51 |    31 ||   139

Table legend:
 A = Non-vault XP
 B = Vault XP
 C = Vault XP percentage of total XP
 D = Non-vault monster count
 E = Vault monster count
 F = Vault count percentage of total count
                 A         B        C        D         E       F
            +---------+---------+-------+---------+---------+-------
      Total |     524 |     481 |  47.9 |      81 |      30 |  27.0
            +---------+---------+-------+---------+---------+-------
        D:1 |      49 |       0 |   0.0 |      27 |       0 |   0.0
        D:2 |      54 |      70 |  56.5 |      22 |      16 |  42.1
        D:3 |      68 |     223 |  76.6 |      15 |       1 |   6.2
        D:4 |     353 |     188 |  34.8 |      17 |      13 |  43.3
            +---------+---------+-------+---------+---------+-------
